 Dungeon Crawl Stone Soup version 0.31-a0-441-g867994ef1c (webtiles) character file.

Game seed: 14737510912642878757

2 drugrobin the Sneak (level 1, -1/18 HPs)
             Began as a Demigod Delver on Aug 2, 2023.
             Slain by an orc
             ... wielding a +0 falchion
              (2 damage)
             ... on level 6 of the Dungeon.
             The game lasted 00:00:27 (44 turns).

drugrobin the Sneak (Demigod Delver)                  Turns: 44, Time: 00:00:27

Health: -1/18      AC:  3    Str: 13    XL:     1   Next: 20%
Magic:  3/3        EV: 11    Int: 12    God:
Gold:   0          SH:  0    Dex: 15    Spells: 0/0 levels left

rFire   . . .        a - +0 hand axe
rCold   . . .        (no shield)
rNeg    . . .        b - +0 leather armour
rPois   .            (no helmet)
rElec   .            (no cloak)
rCorr   .            (no gloves)
SInv    .            (no boots)
Will    .....        (no amulet)
Stlth   +++          (no ring)
HPRegen 0.23/turn    (no ring)
MPRegen 0.08/turn

%: no passive effects
@: no status effects
A: high MP 1, forlorn, divine attributes
a: no special abilities


You were on level 6 of the Dungeon.
You visited 1 branch of the dungeon, and saw 2 of its levels.

Inventory:

Hand Weapons
 a - a +0 hand axe (weapon)
Armour
 b - a +0 leather armour (worn)
Wands
 g - a wand of digging (3)
Scrolls
 c - a scroll of fog
 d - a scroll of revelation
 e - a scroll of fear
 h - a scroll of identify {unknown}
Potions
 f - a potion of haste


   Skills:
 - Level 2.6 Fighting
 + Level 2.0 Axes
 - Level 1.7 Dodging
 - Level 4.5 Stealth


You couldn't memorise any spells.
You didn't know any spells.
Your spell library was empty.

Dungeon Overview and Level Annotations

Branches:
Dungeon (6/15)
 Temple: D:4-7


Innate Abilities, Weirdness & Mutations

You have an increased reservoir of magic. (+10% MP)
You shall have no god before yourself.
Your divine heritage dramatically boosts your attributes as you level up.


Message History

Unknown command.
You hit the orc.
You kill the orc!
Your Axes skill increases to level 2!
Unknown command.
Unknown command.
Unknown command.
The orc attacks as you move away! The orc hits you with a +0 falchion.
There is a stone staircase leading down here.
The orc closely misses you.
You climb downwards.
Found a ring mail.
There is a stone staircase leading up here.
Unknown command.
You hit the orc.
The orc is moderately wounded.
The white imp shouts, "Give up, thou vain milk-livered lout!"
The orc hits you with a +0 falchion. The white imp gestures at you.
The puff of frost hits you.
* * * LOW HITPOINT WARNING * * *
The orc hits you but does no damage.
Unknown command.
Unknown command.
Unknown command.
Unknown command.
You closely miss the orc.
The orc is moderately wounded.
The orc hits you with a +0 falchion.
* * * LOW HITPOINT WARNING * * *
Unknown command.
Unknown command.
Unknown command.
You hit the orc.
The orc is severely wounded.
The white imp gestures at you. The puff of frost hits you.
* * * LOW HITPOINT WARNING * * *
The orc hits you with a +0 falchion.
You die...

##### #...#
#o@.# #...#
.......
#.8...5....
#..........#
####.......#
#[........
#........8


You could see a white imp and an orc.

Vanquished Creatures
  An orc (D:5)
1 creature vanquished.

Notes
Turn   | Place    | Note
-------+----------+-------------------------------------------
     0 | D:5      | drugrobin the Demigod Delver began the quest for the Orb.
     0 | D:5      | Reached XP level 1. HP: 18/18 MP: 3/3
    17 | D:5      | Noticed an iguana
    17 | D:5      | Noticed an orc priest
    44 | D:6      | Slain by an orc

Illustrated notes

Levels and vault maps discovered:
D:5:      layout_rooms, nicolae_sif_muna_condensation,
          nicolae_ru_sacrificial_ziggurat, serial_shops, shop,
          uniq_crazy_yiuf_cottage, uniq_grinder
D:6:      layout_cave_pools, mainiacjoe_overflow_concentric_impassable,
          ashenzari_conservatory_becter, yredelemnul_altar_generic,
          nicolae_shop_i_like_small_books_too, nicolae_elevator_lobby_asterisk

Skill      XL: |  1 |
---------------+----+-----
Axes           | 2 |  2.0
Fighting       | |  2.6
Dodging        | |  1.7
Stealth        | |  4.5

Action                     || total
---------------------------++-------
  Melee: Hand axe          ||    11
 Armour: Leather armour    ||     2
  Dodge: Dodged            ||     6

Table legend: (Time is in decaauts)
 A = Elapsed time spent in this place.
 B = Non-inter-level travel time spent in this place.
 C = Inter-level travel time spent in this place.
 D = Time resting spent in this place.
 E = Time spent auto-exploring this place.
 F = Levels seen in this place.
 G = Mean time per level.
                   A        B        C        D        E       F      G
               +--------+--------+--------+--------+--------+-----+--------+
         Total |     46 |     46 |      0 |      0 |     11 |   2 |   23.0 |
       Dungeon |     46 |     46 |      0 |      0 |     11 |   2 |   23.0 |
               +--------+--------+--------+--------+--------+-----+--------+

Top non-repeatable levels by time:
     D:5: 42 daAuts
     D:6: 3 daAuts
